 Dungeon Crawl Stone Soup version 0.18-a0-1778-gadce9fa (webtiles) character file.

46 dobroeutro the Skirmisher (level 3, -7/24 HPs)
             Began as a Gargoyle Fighter on Apr 16, 2016.
             Mangled by Terence
             ... wielding a +1 falchion of distortion
              (17 damage)
             ... on level 2 of the Dungeon.
             The game lasted 00:01:37 (930 turns).

dobroeutro the Skirmisher (Gargoyle Fighter)         Turns: 930, Time: 00:01:37

Health: -7/24      AC: 10    Str: 20    XL:     3   Next: 66%
Magic:  3/3        EV:  7    Int:  8    God:
Gold:   39         SH:  9    Dex:  9    Spells: 0 memorised, 2 levels left

rFire  . . .     SeeInvis .     a - +0 flail
rCold  . . .     Gourm    .     b - +0 scale mail
rNeg   + . .     Faith    .     c - +0 shield
rPois  ∞         Spirit   .     (no helmet)
rElec  +         Dismiss  .     (no cloak)
rCorr  +         Reflect  .     (no gloves)
SustAt .         Harm     .     (no boots)
MR     .....                    (no amulet)
Stlth  ..........               (no ring)
                                k - ring of resist corrosion

@: not resistant to hostile enchantments, extremely unstealthy
A: negative energy resistance 1, electricity resistance, unbreathing,
petrification resistance, rot immunity, AC +3
a: no special abilities


You were on level 2 of the Dungeon.
You were not hungry.

You visited 1 branch of the dungeon, and saw 2 of its levels.

You collected 39 gold pieces.

Inventory:

Hand Weapons
 a - a +0 flail (weapon)
Armour
 b - a +0 scale mail (worn)
 c - a +0 shield (worn)
Jewellery
 k - a ring of resist corrosion (left hand)
Scrolls
 g - 4 scrolls of identify {unknown}
 h - a scroll of fog {unknown}
 i - a scroll of noise {unknown}
 j - a scroll of enchant weapon {unknown}
 o - a scroll of teleportation {unknown}
Potions
 d - a potion of might
 e - a potion of heal wounds {unknown}
 l - a potion of cancellation {unknown}
Comestibles
 f - 3 bread rations
 m - a meat ration
 n - a beef jerky


   Skills:
 + Level 3.9 Fighting
 + Level 2.5 Maces & Flails
 + Level 3.7 Armour
 + Level 3.7 Shields


You had 2 spell levels left.
You didn't know any spells.

Dungeon Overview and Level Annotations

Branches:
Dungeon (2/15)

Altars:
Nemelex Xobeh

Annotations:
D:2 Terence


Innate Abilities, Weirdness & Mutations

You are resistant to torment.
Your stone body is resilient (AC +3).
You are immune to poison.
You resist negative energy.
You are resistant to electric shocks.
You can survive without breathing.
You are immune to petrification.
You are immune to rotting.


Message History

You block the goblin's attack. The goblin barely misses you.
The hobgoblin barely misses you. You block the goblin's attack.
The goblin hits you but does no damage. You block the goblin's attack.
The goblin hits you with a club. The goblin hits you.
The goblin hits you but does no damage.
You closely miss the goblin.
The goblin no longer looks unusually strong.
You block the hobgoblin's attack.
The goblin hits you but does no damage. x2
You block the goblin's attack.
The goblin hits you but does no damage. x2
The hobgoblin hits you but does no damage.
The goblin hits you but does no damage.
You thump the goblin!
You kill the goblin!
The goblin hits you but does no damage. You block the goblin's attack.
The goblin hits you but does no damage. x2
The hobgoblin hits you but does no damage.
You block the goblin's attack. Terence hits you but does no damage.
Space warps horribly around you!
Ouch! That really hurt!
You die...

#####.@#.#.####.###
......g.!..........
######..........###
#...#.##......
#########...#.#<......
#.........#...#.#.......
#.#######.#...#.#.......
##+#.#...)gg.....#.#.......
.........g@gg....#.........
........#g@g...............
........#.g......####......
...#.g.........#... #......
....gg...............####+#
###########..####....
#........ . #.######...
#....#


You could see Terence, 2 hobgoblins and 6 goblins.

Vanquished Creatures
  Robin (D:2)
  2 dart slugs (D:1)
  A giant gecko (D:1)
  5 bats
  2 giant cockroaches (D:1)
  8 goblins
  2 hobgoblins (D:1)
  A giant newt (D:1)
  4 kobolds (D:1)
  3 rats
29 creatures vanquished.

Notes
Turn   | Place    | Note
--------------------------------------------------------------
     0 | D:1      | dobroeutro the Gargoyle Fighter began the quest for the Orb.
     0 | D:1      | Reached XP level 1. HP: 14/14 MP: 1/1
    96 | D:1      | Reached XP level 2. HP: 19/19 MP: 2/2
   530 | D:1      | Reached XP level 3. HP: 23/24 MP: 3/3
   694 | D:2      | Found a sparkling altar of Nemelex Xobeh.
   695 | D:2      | Noticed Terence
   914 | D:2      | Noticed Robin
   928 | D:2      | Killed Robin
   930 | D:2      | Mangled by Terence

Vault maps used:
D:1:      dpeg_arrival_simpleton_c
D:2:      nemelex_deck, first_bread, uniq_robin, uniq_terence

Action                   || total
-------------------------++-------
Melee: Flail             ||   109
Armor: Scale mail        ||    87
Dodge: Dodged            ||    46
Block: Shield            ||    89
